cohdb
Replays
Latest Replays
All Replays
Popular Replays
Top Player Replays
Match Explorer
How It Works
Community
CoH3 Stats
Reddit
Sign in to upload your games and track your stats! →
Sign in with Steam
Match 47412426
Unlisted
Match 47412426
Overview
Messages
Build Orders
End
Kradschützen Motorcycle Team
Panzergrenadier Squad
250 Light Carrier
Construct Light Support Kompanie
MG34 Team
Assault Grenadier Squad
Selects Italian Infantry
Fire Support Elements
Veteran Squad Leaders
Selects Guastatori Squad
Panzerjäger Mechanized Group
Flakvierling Half-track
Pak 38 Anti-tank Gun Team
Guastatori Squad
Selects Defensive Operations
2.5-tonne Medical Truck
Construct Panzerarmee Kommand
Selects Prepared Positions
~TAB~ THUND3RCHUNKY
AntonioFlores
Jesus Christ Loves You, Ask Him
Helms (its 4 .50 cals ffs)
0
0
Comments
sign in to comment!
No comments posted yet!